 Dungeon Crawl Stone Soup version 0.29.0-4-gdea44cf6ec (webtiles) character file.

Game seed: 15780953416111897290

821 qw the Cleaver (level 7, -2/41 HPs)
             Began as a Tengu Warper on Aug 28, 2022.
             Slain by an iguana (6 damage)
             ... on level 5 of the Dungeon.
             The game lasted 00:00:26 (5733 turns).

qw the Cleaver (Tengu Warper)                       Turns: 5733, Time: 00:00:27

Health: -2/41      AC: 11    Str: 13    XL:     7   Next: 95%
Magic:  11/11      EV:  5    Int: 13    God:
Gold:   232        SH:  5    Dex: 14    Spells: 10/10 levels left

rFire   + . .      SeeInvis .   Y - +2 hand axe
rCold   . . .      Faith    .   (no shield)
rNeg    . . .      Spirit   .   g - +0 plate armour
rPois   .          Reflect  +   (helmet restricted)
rElec   .          Harm     .   (no cloak)
rCorr   .          Rampage  .   (no gloves)
Will    .....                   (boots unavailable)
Stlth   ..........              o - amulet of reflection
HPRegen 0.13/turn               m - ring of protection from fire
MPRegen 0.12/turn               (no ring)

@: about to teleport, flying quickly and evasively, quick
A: beak, talons 3, nimble flight
a: no special abilities


You were on level 5 of the Dungeon.
You visited 1 branch of the dungeon, and saw 5 of its levels.

You collected 232 gold pieces.


Innate Abilities, Weirdness & Mutations

You have a beak for a mouth.
You have claws for feet.
Your magical nature lets you fly swiftly and evasively.


   Skills:
 - Level 3.3 Fighting
 + Level 8.5 Axes
 - Level 1.0 Throwing
 - Level 3.6 Armour
 - Level 2.1 Dodging
 - Level 2.0 Spellcasting
 - Level 2.4 Translocations


You had 10 spell levels left.
You didn't know any spells.
Your spell library contained the following spells:

 Spells                   Type           Power      Damage    Failure   Level
 Blink                    Tloc           14%        N/A       100%        2
 Gell's Gravitas          Tloc           7%         N/A       100%        3
 Lesser Beckoning         Tloc           7%         N/A       100%        3
 Teleport Other           Tloc           7%         N/A       100%        3
 Manifold Assault         Tloc           7%         N/A       100%        5

Inventory:

Hand Weapons
 f - a +0 club
 Y - a +2 hand axe (weapon)
Armour
 g - a +0 plate armour (worn)
Jewellery
 m - a ring of protection from fire (left hand)
 o - an amulet of reflection (around neck)
Scrolls
 h - a scroll of teleportation
Potions
 a - a potion of curing {unknown}
 b - a potion of degeneration {unknown}
 c - a potion of brilliance {unknown}
 e - a potion of attraction {unknown}
 i - a potion of flight {unknown}
 j - a potion of cancellation {unknown}

Dungeon Overview and Level Annotations

Branches:
Dungeon (5/15)
 Temple: D:4-7

Altars:
Dithmenos
Hepliaklqana


Message History

Items here: % ( )).
The iguana barely misses you.
Menkaure gestures wildly while chanting.
Menkaure seems to speed up.
You hit the iguana. Your kick misses the iguana.
The iguana is lightly wounded.
You hit the orc. The iguana bites you. The orc hits you but does no damage.
You hit the orc.
You kill the orc!
You hit the iguana but do no damage. The iguana bites you!
You closely miss the iguana. Your peck misses the iguana.
The iguana is lightly wounded.
You hit Menkaure. Menkaure hits you but does no damage.
The iguana bites you but does no damage.
You hit Menkaure. You claw Menkaure. You peck Menkaure.
Menkaure is almost destroyed.
You hit the iguana.
Menkaure calls on the powers of darkness!
Your body is wracked with pain!
The iguana convulses!
The iguana bites you but does no damage.
You slash Menkaure!
You destroy Menkaure!
You hit the iguana. The iguana bites you!
Your Axes skill increases to level 8!
5731 ||| READING 2 scrolls of teleportation.
As you read the scroll of teleportation, it crumbles to dust.
You feel strangely unstable. The iguana bites you.
You closely miss the iguana. You claw the iguana.
You peck the iguana, but do no damage.
The iguana is severely wounded.
The iguana barely misses you.
You hit the iguana but do no damage.
The iguana is severely wounded.
The iguana bites you.
You die...

.. #.# ..#.# .
.#.## .## ... ..
.######.#####.####.
.......<...........
..........#........
..#####.).#)#......
.......))@l.#
#####.#.....#
#.#.#...#
#.#.......
....#.#.....
#.....#.####
....#.#.#
######.#.#


You could see an iguana.

Vanquished Creatures
  Grinder (D:3)
  Menkaure (D:5)
  A black bear (D:3)
  A bullfrog (D:4)
  3 scorpions (D:4)
  2 orc priests (D:5)
  Jessica (D:3)
  2 adders
  5 dart slugs
  3 orcs (D:5)
  9 endoplasms
  3 giant cockroaches
  4 goblins
  8 hobgoblins
  4 jackals (D:1)
  5 quokkas
  10 ball pythons
  2 bats (D:2)
  2 frilled lizards
  11 kobolds
  5 rats
83 creatures vanquished.

Notes
Turn   | Place    | Note
-------+----------+-------------------------------------------
     0 | D:1      | qw the Tengu Warper began the quest for the Orb.
     0 | D:1      | Reached XP level 1. HP: 12/12 MP: 4/4
     0 | D:1      | 0 ||| qw: Version: 0.1-a-89-g26bdef1
     0 | D:1      | 0 ||| qw: Game counter: 1075
     0 | D:1      | 0 ||| qw: Always use a shield: true
     0 | D:1      | 0 ||| qw: God list: Okawaru
     0 | D:1      | 0 ||| qw: Allow faded altars: false
     0 | D:1      | 0 ||| qw: Do Orc after D:15 true
     0 | D:1      | 0 ||| qw: Do second Lair branch before Depths: true
     0 | D:1      | 0 ||| qw: Lair rune preference: random
     0 | D:1      | 0 ||| qw: Plans: Normal
     0 | D:1      | 0 ||| PLANNING D:1-11
    51 | D:1      | 51 ||| Stepping ~*~*~tactically~*~*~ (stealth).
    68 | D:1      | 68 ||| Stepping ~*~*~tactically~*~*~ (stealth).
    70 | D:1      | 70 ||| Stepping ~*~*~tactically~*~*~ (stealth).
    71 | D:1      | 71 ||| Stepping ~*~*~tactically~*~*~ (stealth).
    74 | D:1      | 74 ||| Stepping ~*~*~tactically~*~*~ (stealth).
    81 | D:1      | Reached skill level 3 in Axes
    81 | D:1      | Reached XP level 2. HP: 10/17 MP: 6/6
   300 | D:1      | 300 ||| Stepping ~*~*~tactically~*~*~ (hiding).
   666 | D:1      | Reached XP level 3. HP: 19/21 MP: 7/7
   739 | D:1      | 739 ||| Stepping ~*~*~tactically~*~*~ (stealth).
   740 | D:1      | 740 ||| Stepping ~*~*~tactically~*~*~ (stealth).
   803 | D:1      | 803 ||| Stepping ~*~*~tactically~*~*~ (hiding).
   952 | D:1      | Reached skill level 4 in Axes
   993 | D:1      | 993 ||| Stepping ~*~*~tactically~*~*~ (stealth).
  1392 | D:1      | 1392 ||| READING 2 scrolls labelled ACOEMUTUYCKU.
  1393 | D:1      | 1393 ||| READING scroll labelled KEPAWEU XOTO.
  1394 | D:1      | 1394 ||| READING scroll labelled GAUXY NUNUI.
  1395 | D:1      | 1395 ||| READING scroll labelled ZUGRAO RINIBAA.
  1396 | D:1      | 1396 ||| READING scroll labelled SILULE ZATSAP.
  1397 | D:1      | 1397 ||| READING scroll labelled VOWU WOTOCEOTT.
  1398 | D:1      | 1398 ||| READING scroll labelled XIOCIN TEHAOCH.
  1499 | D:1      | 1499 ||| DROPPING scroll of fear.
  1500 | D:1      | 1500 ||| DROPPING scroll of blinking.
  1556 | D:2      | 1556 ||| Stepping ~*~*~tactically~*~*~ (stealth).
  1731 | D:2      | 1731 ||| FLEEEEING.
  1935 | D:2      | Reached XP level 4. HP: 26/26 MP: 8/8
  2103 | D:2      | 2103 ||| Stepping ~*~*~tactically~*~*~ (stealth).
  2104 | D:2      | 2104 ||| Stepping ~*~*~tactically~*~*~ (stealth).
  2146 | D:2      | Found a faded altar of an unknown god.
  2237 | D:2      | 2237 ||| Stepping ~*~*~tactically~*~*~ (hiding).
  2339 | D:2      | 2339 ||| Stepping ~*~*~tactically~*~*~ (hiding).
  2441 | D:2      | 2441 ||| Stepping ~*~*~tactically~*~*~ (hiding).
  3014 | D:2      | 3014 ||| UPGRADING to +0 ring mail.
  3024 | D:2      | 3024 ||| DROPPING +0 leather armour.
  3025 | D:2      | 3025 ||| UPGRADING to +0 plate armour.
  3035 | D:2      | 3035 ||| DROPPING +0 ring mail.
  3036 | D:2      | 3036 ||| READING scroll labelled JISIEL BOZOKH.
  3103 | D:3      | Noticed a black bear
  3115 | D:3      | Killed a black bear
  3116 | D:3      | Reached skill level 3 in Armour
  3116 | D:3      | Gained mutation: Your magical nature lets you fly swiftly
                  | and evasively. [Tengu growth]
  3116 | D:3      | Reached XP level 5. HP: 12/30 MP: 9/9
  3303 | D:3      | 3303 ||| READING scroll of enchant weapon.
  3303 | D:3      | 3303 ||| ENCHANTING +1 hand axe.
  3347 | D:3      | 3347 ||| Stepping ~*~*~tactically~*~*~ (hiding).
  3515 | D:3      | Noticed Jessica
  3522 | D:3      | HP: 6/30 [Jessica/nerve-wracking pain (11)]
  3523 | D:3      | Killed Jessica
  3524 | D:3      | Reached skill level 5 in Axes
  3899 | D:3      | Noticed Grinder
  3902 | D:3      | 3902 ||| Stepping ~*~*~tactically~*~*~ (hiding).
  3904 | D:3      | 3904 ||| Stepping ~*~*~tactically~*~*~ (hiding).
  3908 | D:3      | Paralysed by Grinder for 3 turns
  3918 | D:3      | 3918 ||| Stepping ~*~*~tactically~*~*~ (hiding).
  3925 | D:3      | HP: 6/30 [Grinder/nerve-wracking pain (10)]
  3927 | D:3      | Killed Grinder
  3928 | D:3      | Reached skill level 6 in Axes
  3928 | D:3      | Reached XP level 6. HP: 8/35 MP: 10/10
  4220 | D:3      | Noticed a shadow
  4221 | D:3      | Found a shadowy altar of Dithmenos.
  4222 | D:3      | Found a hazy altar of Hepliaklqana.
  4253 | D:3      | 4253 ||| Stepping ~*~*~tactically~*~*~ (stealth).
  4254 | D:3      | 4254 ||| Stepping ~*~*~tactically~*~*~ (stealth).
  4341 | D:3      | 4341 ||| READING scroll labelled XAZXYDE HIDE.
  4431 | D:4      | 4431 ||| Stepping ~*~*~tactically~*~*~ (stealth).
  4662 | D:4      | Reached skill level 7 in Axes
  4662 | D:4      | Reached XP level 7. HP: 40/40 MP: 11/11
  4875 | D:4      | Reached skill level 3 in Fighting
  5517 | D:4      | Identified the +8 quarterstaff "Naiton" {vorpal, rF++ rN+
                  | Str+2 Int-5}
  5680 | D:4      | 5680 ||| DROPPING amulet of magic regeneration.
  5681 | D:4      | 5681 ||| UPGRADING to amulet of regeneration.
  5686 | D:4      | 5686 ||| UPGRADING to amulet of reflection.
  5696 | D:4      | 5696 ||| DROPPING amulet of regeneration.
  5697 | D:4      | 5697 ||| DROPPING +6 ring of intelligence.
  5698 | D:4      | 5698 ||| UPGRADING to ring of protection from fire.
  5699 | D:4      | 5699 ||| READING scroll labelled INOD JEAPREBU.
  5712 | D:5      | Entered Level 5 of the Dungeon
  5721 | D:5      | Noticed Menkaure
  5730 | D:5      | Killed Menkaure
  5730 | D:5      | HP: 6/41 [iguana (9)]
  5731 | D:5      | Reached skill level 8 in Axes
  5731 | D:5      | 5731 ||| READING 2 scrolls of teleportation.
  5733 | D:5      | Slain by an iguana

Levels and vault maps discovered:
D:1:      lemuel_arrival_river_bridge, layout_basic, roderic_lattice_a
D:2:      layout_basic, chequers_ecumenical_altar_simple_redux
D:3:      layout_loops_ring, riverfiend_overflow_shadow_ancestor, uniq_grinder,
          uniq_jessica
D:4:      layout_basic
D:5:      layout_basic, minmay_temple_entry_water_ring,
          hellmonk_ghost_happy_afterlife, uniq_menkaure, uniq_blork_the_orc

Skill      XL: |  1  2  3  4  5  6  7 |
---------------+----------------------+-----
Axes           | 3 4 6 7 8 |  8.5
Armour         | 3 |  3.6
Fighting       | 3 |  3.3
Throwing       | |  1.0
Dodging        | |  2.1
Spellcasting   | |  2.0
Translocations | |  2.4

Action                   |  1- 3 |  4- 6 |  7- 9 || total
-------------------------+-------+-------+-------++-------
Melee: Hand axe          |    94 |    78 |    58 ||   230
       Kick              |    18 |    19 |    22 ||    59
       Peck              |    13 |    11 |    12 ||    36
       Punch             |     1 |       |     4 ||     5
Throw: Boomerang         |     7 |       |       ||     7
  Use: Scroll            |     7 |     3 |     2 ||    12
Armor: Leather armour    |    17 |     3 |       ||    20
       Plate armour      |       |    34 |    30 ||    64
Dodge: Dodged            |    53 |    15 |    13 ||    81
Block: Other             |       |       |     3 ||     3

Table legend:
 A = Non-vault XP
 B = Vault XP
 C = Vault XP percentage of total XP
 D = Non-vault monster count
 E = Vault monster count
 F = Vault count percentage of total count
                 A         B        C        D         E       F
            +---------+---------+-------+---------+---------+-------
      Total |     700 |     473 |  40.3 |      80 |       3 |   3.6
            +---------+---------+-------+---------+---------+-------
        D:1 |      58 |       0 |   0.0 |      31 |       0 |   0.0
        D:2 |      45 |       0 |   0.0 |      22 |       0 |   0.0
        D:3 |     144 |     304 |  67.9 |       7 |       2 |  22.2
        D:4 |     361 |       0 |   0.0 |      14 |       0 |   0.0
        D:5 |      92 |     169 |  64.8 |       6 |       1 |  14.3
            +---------+---------+-------+---------+---------+-------
